 Dungeon Crawl Stone Soup version 0.28-a0-851-g8b9cc49659 (webtiles) character file.

Game seed: 16107886935779668026

1589 freelancePsychic the Magician (level 9, -4/66 HPs)
             Began as a Djinni Venom Mage on Nov 14, 2021.
             Was an Initiate of Ru.
             Slain by an ice beast (19 damage)
             ... on level 6 of the Dungeon.
             The game lasted 00:17:04 (7982 turns).

freelancePsychic the Magician (Djinni Venom Mage)   Turns: 7982, Time: 00:17:04

Health: -4/66      AC:  4    Str:  7    XL:     9   Next: 15%
Gold:   217        EV: 12    Int: 19    God:    Ru [......] SH:  0 Dex: 15

rFire   + + +      SeeInvis .   u - +0 dagger
rCold   x . .      Faith    .   (no shield)
rNeg    . . .      Spirit   .   a - +0 robe
rPois   ∞          Reflect  .   n - +0 helmet
rElec   .          Harm     .   (no cloak)
rCorr   .          Rampage  .   s - +0 pair of gloves
Will    .....                   (boots unavailable)
Stlth   ++........              c - amulet of the acrobat
HPRegen 0.21/turn               g - ring of protection from fire
MPRegen 0.00/turn               (no ring)

@: flying
A: sickness immunity, fire resistance 2, cold vulnerability 1, float, innate
caster, hp casting, extra vitality 1
a: Renounce Religion


You were on level 6 of the Dungeon.
You worshipped Ru.
Ru was noncommittal.
You visited 2 branches of the dungeon, and saw 7 of its levels.

You collected 217 gold pieces.

Inventory:

Hand Weapons
 u - a +0 dagger (weapon)
Armour
 a - a +0 robe (worn)
 n - a +0 helmet (worn)
 s - a +0 pair of gloves (worn)
Jewellery
 c - an amulet of the acrobat (around neck)
 g - a ring of protection from fire (left hand)
Scrolls
 b - a scroll of acquirement
 e - 3 scrolls of teleportation {@r4}
 f - 2 scrolls of enchant armour
 i - a scroll of immolation
 j - a scroll of magic mapping {unknown}
 l - a scroll of amnesia {unknown}
 q - a scroll of fog {unknown}
 r - a scroll of enchant weapon {unknown}
Potions
 d - 2 potions of mutation
 h - 3 potions of curing {unknown}
 k - 3 potions of flight {unknown}
 m - 2 potions of might {unknown}
 o - a potion of degeneration {unknown}
 p - a potion of lignification {unknown}
 t - a potion of resistance {unknown}


   Skills:
 + Level 6.1 Fighting
 + Level 1.2 Short Blades
 - Level 2.1 Dodging
 + Level 2.1 Stealth
 - Level 7.0 Spellcasting


You had 4 spell levels left.
You knew the following spells:

 Your Spells              Type           Power      Damage    Failure   Level
a - Static Discharge      Conj/Air       33%        N/A       1%          2
b - Poisonous Vapours     Pois/Air       66%        N/A       1%          2
c - Mephitic Cloud        Conj/Pois/Air  33%        N/A       1%          3
d - Olgreb's Toxic Radia  Pois           33%        N/A       5%          4
e - Sting                 Tmut/Pois      100%       1d8       1%          1
f - Corpse Rot            Necr/Air       66%        N/A       1%          2
g - Shock                 Conj/Air       100%       1d9       1%          1
h - Dazzling Flash        Conj/Hex       66%        N/A       1%          3
Your spell library was empty.

Dungeon Overview and Level Annotations

Branches:
Dungeon (6/15)             Temple (1/1) D:5

Altars:
Ashenzari
Cheibriados
Dithmenos
Elyvilon
Fedhas
Gozag
Hepliaklqana
Kikubaaqudgha
Makhleb
Nemelex Xobeh
Okawaru
Qazlal
Ru
Sif Muna
Trog
Uskayaw
Vehumet
Wu Jian
Xom
Yredelemnul
The Shining One

Shops:
D:4 :


Innate Abilities, Weirdness & Mutations

You are immune to sickness and miasma.
You are immune to poison.
Your flesh is very heat resistant. (rF++)
You are vulnerable to cold. (rC-)
You float through the air rather than walking.
You learn spells naturally, not from books.
Your magical power is your life essence.
You have superior vitality. (+4 HP)


Message History

The bullfrog skeleton is struck by an arc of lightning!
The bullfrog skeleton is moderately damaged.
You are struck by an arc of lightning.
The bullfrog skeleton is struck by an arc of lightning.
The bullfrog skeleton is heavily damaged.
The lightning grounds out.
The bullfrog skeleton misses you.
Casting: Static Discharge (safe; 1% risk of failure)
Confirm with . or Enter, or press ? or * to list all spells.
The bullfrog skeleton is struck by an arc of lightning!
The bullfrog skeleton is almost destroyed.
The lightning grounds out.
The bullfrog skeleton hits you but does no damage.
Casting: Static Discharge (safe; 1% risk of failure)
Confirm with . or Enter, or press ? or * to list all spells.
The bullfrog skeleton is struck by an arc of lightning.
You destroy the bullfrog skeleton!
You are struck by an arc of lightning.
Casting: Static Discharge (safe; 1% risk of failure)
Confirm with . or Enter, or press ? or * to list all spells.
The ice beast is struck by an arc of lightning!
The ice beast is moderately wounded.
You are struck by an arc of lightning.
The ice beast is struck by an arc of lightning.
The ice beast is heavily wounded.
The lightning grounds out.
The ice beast hits you. The ice beast freezes you!!
You feel a terrible chill!
Casting: Static Discharge (safe; 1% risk of failure)
Confirm with . or Enter, or press ? or * to list all spells.
The ice beast is struck by an arc of lightning.
The ice beast is severely wounded.
You are struck by an arc of lightning.
* * * LOW HITPOINT WARNING * * *
The ice beast is struck by an arc of lightning.
The ice beast is almost dead.
The lightning grounds out.
* * * LOW HITPOINT WARNING * * *
The ice beast hits you.
* * * LOW HITPOINT WARNING * * *
The ice beast freezes you!!
You feel a terrible chill!
You die...

#.............. ##...?###.#
#...##....# #..###.#### . #
##..###.# ..
#.##.......#####.#####
##......##.....#.......
#..?..###..............
#.....Y@)..............
#.....##.............(.
#.....##...............
#.....##...............
#...............)......
#..#...................
########..#...>.....).).......
#....#..<.###.........##.....#
##...#### ##..##.#### ######


You could see an ice beast.

Vanquished Creatures
  A steam dragon (D:4)
  A sky beast (D:4)
  3 black bears
  3 ogres
  2 necrophages
  3 scorpions
  A water moccasin skeleton (D:5)
  A centaur zombie (D:5)
  A hound (D:6)
  A bullfrog zombie (D:5)
  A centaur skeleton (D:4)
  A gnoll shaman (D:5)
  2 bullfrog skeletons
  A hound skeleton (D:5)
  9 adders
  8 gnolls
  3 white imps
  An ufetubus (D:5)
  2 adder skeletons (D:4)
  4 worms
  2 dart slugs
  4 orcs (D:4)
  3 endoplasms
  3 giant cockroaches
  6 goblins
  3 hobgoblins
  9 jackals
  A quokka (D:1)
  9 ball pythons
  4 bats
  4 frilled lizards
  7 kobolds
  A quokka skeleton (D:4)
  4 rats
109 creatures vanquished.

Vanquished Creatures (others)
  A plant (D:3)
1 creature vanquished.

Grand Total: 110 creatures vanquished

Notes
Turn   | Place    | Note
-------+----------+-------------------------------------------
     0 | D:1      | freelancePsychic the Djinni Venom Mage began the quest for
                  | the Orb.
     0 | D:1      | Reached XP level 1. HP: 15/15 MP: 0/0
   383 | D:1      | Reached XP level 2. HP: 20/22 MP: 0/0
   923 | D:1      | Reached skill level 1 in Fighting
  1342 | D:2      | Noticed a black bear
  1358 | D:1      | Killed a black bear
  1359 | D:1      | Reached skill level 3 in Spellcasting
  1359 | D:1      | Reached XP level 3. HP: 14/28 MP: 0/0
  1359 | D:1      | Learned a level 1 spell: Shock
  1359 | D:1      | Reached XP level 4. HP: 16/33 MP: 0/0
  1359 | D:1      | Reached XP level 5. HP: 19/38 MP: 0/0
  1359 | D:1      | Learned a level 2 spell: Corpse Rot
  2265 | D:2      | Identified a scroll of acquirement
  3068 | D:3      | Reached skill level 4 in Spellcasting
  4013 | D:3      | Reached XP level 6. HP: 31/45 MP: 0/0
  4267 | D:4      | Found Genezoi's Book Shop.
  4348 | D:4      | Noticed a black bear
  4373 | D:4      | Killed a black bear
  4602 | D:4      | Found a shimmering altar of Xom.
  4623 | D:4      | Noticed a necrophage
  4630 | D:4      | Killed a necrophage
  4631 | D:4      | Reached XP level 7. HP: 44/51 MP: 0/0
  4631 | D:4      | Learned a level 2 spell: Static Discharge
  4976 | D:4      | Reached skill level 5 in Spellcasting
  5147 | D:4      | Noticed a steam dragon
  5642 | D:4      | Killed a steam dragon
  5643 | D:4      | Reached XP level 8. HP: 34/58 MP: 0/0
  6034 | D:4      | Reached skill level 6 in Spellcasting
  6123 | D:4      | Reached skill level 5 in Fighting
  6162 | D:5      | Entered Level 5 of the Dungeon
  6499 | D:5      | Found a blossoming altar of Fedhas.
  7022 | D:5      | Found a snail-covered altar of Cheibriados.
  7052 | D:5      | Reached XP level 9. HP: 55/66 MP: 0/0
  7052 | D:5      | Learned a level 3 spell: Dazzling Flash
  7194 | D:5      | Reached skill level 7 in Spellcasting
  7413 | D:5      | Found a staircase to the Ecumenical Temple.
  7418 | Temple   | Entered the Ecumenical Temple
  7545 | Temple   | Became a worshipper of Ru the Awakened
  7943 | D:6      | Reached skill level 1 in Short Blades
  7982 | D:6      | Slain by an ice beast

Illustrated notes

Levels and vault maps discovered:
D:1:      lemuel_arrival_funnel, layout_basic, amethyst_killhole,
          minmay_crystal_water
D:2:      layout_rooms
D:3:      layout_basic, minmay_shallow_snake_nest
D:4:      layout_rooms, xom_butterflies, serial_shops, nicolae_stop_n_shop_2,
          kennysheep_minor_cross, minmay_surrounded
D:5:      layout_rooms, nicolae_overflow_crystal_walls, kennysheep_little_box,
          minmay_temple_entry_wispy, nrook_loot_triangle,
          chequers_serial_rivers_small_a
D:6:      layout_rooms, hangedman_abyss_or_decor_stagger,
          corexii_item_surrounded_by_moat, lightli_corner_chamber,
          uniq_eustachio
Temple:   mainiacjoe_temple_bowtie_tessellation

Skill      XL: |  1  2  3  4  5  6  7  8  9 |
---------------+----------------------------+-----
Fighting       | 2 3 4 5 6 |  6.1
Spellcasting   | 3 4 5 6 7 |  7.0
Short Blades   | 1 |  1.2
Stealth        | 2 |  2.1
Dodging        | |  2.1

Action                   |  1- 3 |  4- 6 |  7- 9 || total
-------------------------+-------+-------+-------++-------
Melee: Unarmed           |     2 |     6 |     3 ||    11
       Dagger            |       |       |    11 ||    11
 Cast: Sting             |    15 |       |     1 ||    16
       Poisonous Vapours |    17 |    68 |    27 ||   112
       Shock             |       |    42 |       ||    42
       Mephitic Cloud    |       |     1 |     6 ||     7
       Static Discharge  |       |       |    60 ||    60
       Olgreb's Toxic Ra |       |       |     9 ||     9
       Dazzling Flash    |       |       |     3 ||     3
  Use: Scroll            |     2 |     4 |     1 ||     7
 Stab: Sleeping          |       |       |     1 ||     1
Armor: Robe              |     2 |    10 |    17 ||    29
Dodge: Dodged            |     8 |    63 |    53 ||   124

Table legend: (Time is in decaauts)
 A = Elapsed time spent in this place.
 B = Non-inter-level travel time spent in this place.
 C = Inter-level travel time spent in this place.
 D = Time resting spent in this place.
 E = Time spent auto-exploring this place.
 F = Levels seen in this place.
 G = Mean time per level.
                   A        B        C        D        E       F      G
               +--------+--------+--------+--------+--------+-----+--------+
         Total |   7984 |   7756 |    228 |    718 |   6240 |   7 | 1140.6 |
       Dungeon |   7839 |   7629 |    210 |    718 |   6135 |   6 | 1306.5 |
        Temple |    144 |    127 |     17 |      0 |    105 |   1 |  144.0 |
               +--------+--------+--------+--------+--------+-----+--------+

Top non-repeatable levels by time:
     D:3: 1994 daAuts
     D:1: 1673 daAuts
     D:4: 1492 daAuts
     D:5: 1438 daAuts
     D:2: 1003 daAuts
     D:6: 235 daAuts
  Temple: 144 daAuts
